 Dungeon Crawl Stone Soup version 0.26-a0-1040-gbe3abf3417 (webtiles) character file.

Game seed: 9518518129824735219

43 Dracia the Vexing (level 3, -2/24 HPs)
             Began as a Vampire Enchanter on Dec 12, 2020.
             Slain by an adder (4 damage)
             ... on level 2 of the Dungeon.
             The game lasted 00:01:44 (827 turns).

Dracia the Vexing (Vampire Enchanter)                Turns: 827, Time: 00:01:45

Health: -2/24      AC:  2    Str:  7    XL:     3   Next: 37%
Magic:  1/6        EV: 12    Int: 18    God:
Gold:   40         SH:  0    Dex: 14    Spells: 3/6 levels left

rFire    + . .     SeeInvis +   a - +1 dagger
rCold    + . .     Faith    .   (no shield)
rNeg     . . .     Spirit   .   b - +0 robe
rPois    +         Reflect  .   (no helmet)
rElec    +         Harm     .   (no cloak)
rCorr    +         Rampage  .   (no gloves)
Will     .....                  (no boots)
Stlth    +++.......             (no amulet)
HPRegen  0.28/turn              (no ring)
MPRegen  0.10/turn              (no ring)

@: lethally poisoned (-2 -> -2), resistant, regenerating quickly
A: fangs 3, see invisible, unbreathing
a: Exsanguinate


You were on level 2 of the Dungeon.
You visited 1 branch of the dungeon, and saw 2 of its levels.

You collected 40 gold pieces.


Innate Abilities, Weirdness & Mutations

Your natural rate of healing is unusually fast.
You have razor-sharp teeth.
You have supernaturally acute eyesight. (SInv)
You can survive without breathing.


   Skills:
 + Level 1.9 Short Blades
 - Level 2.1 Dodging
 + Level 5.1 Stealth
 - Level 2.0 Spellcasting
 * Level 5.6 Hexes


You had 3 spell levels left.
You knew the following spells:

 Your Spells              Type           Power        Failure   Level
x - Ensorcelled Hibernat  Hex/Ice        ##....       9%          2
z - Corona                Hex            ###....      1%          1

Your spell library contained the following spells:

 Spells                   Type           Power        Failure   Level
 Confusing Touch          Hex            ###.....     5%          3
 Tukima's Dance           Hex            ###.....     5%          3
 Dazzling Flash           Conj/Hex       ##....       17%         3

Inventory:

Hand Weapons
 a - a +1 dagger (weapon)
Armour
 b - a +0 robe (worn)
Scrolls
 c - a scroll of enchant weapon {unknown}
 e - 2 scrolls of remove curse {unknown}
 f - 2 scrolls of identify {unknown}
 h - a scroll of noise {unknown}
 i - a scroll of immolation {unknown}
 j - a scroll of amnesia {unknown}
 l - a scroll of random uselessness {unknown}
 m - a scroll of teleportation {unknown}
Potions
 g - a potion of heal wounds {unknown}
 k - a potion of haste {unknown}
 n - a potion of cancellation {unknown}

Dungeon Overview and Level Annotations

Branches:
Dungeon (2/15)

Altars:

Annotations:
D:2 Jessica, Sigmund

#.### #.# #.# #.####
#.# #....# . #.#
####.# #.. #.# #.#
#...# #.# #.#
.....$##.## #.#
..........########.#
......##...@S@†....#
#...# #.###########
#.. #.# . #.# ..#
###


You could see an adder and Jessica.


Message History

Casting: Ensorcelled Hibernation (safe; 9% risk of failure)
Confirm with . or Enter, or press ? or * to list all spells.
Aiming: Ensorcelled Hibernation (safe; 9% risk of failure)
Press: ? - help, Shift-Dir - straight line, f/p - adder
Aim: an adder (moderately wounded, chance to affect: 50%)
The adder resists with some effort.
Jessica grins evilly.
The adder closely misses you.
Unknown command.
You hit the adder but do no damage. You bite the adder, but do no damage.
The adder is moderately wounded.
The adder bites you.
* * * LOW HITPOINT WARNING * * *
Jessica very coldly says, "I hate your company."
You hit the adder.
The adder is severely wounded.
You feel sick. The adder closely misses you.
You miss the adder.
The adder is severely wounded.
The adder bites you.
* * * LOW HITPOINT WARNING * * *
You hit the adder but do no damage. Your bite misses the adder.
The adder is severely wounded.
The adder misses you. The adder bites you.
* * * LOW HITPOINT WARNING * * *
Unknown command.
It was a potion of resistance.
You feel protected. The adder bites you.
You die...

Skill      XL: |  1  2 |
---------------+-------+-----
Hexes          | 5 |  5.6
Stealth        | 5 |  5.1
Short Blades   | |  1.9
Dodging        | |  2.1
Spellcasting   | |  2.0

Action                   || total
-------------------------++-------
Melee: Dagger            ||    87
       Bite              ||     4
 Cast: Ensorcelled Hiber ||     6
       Corona            ||     1
  Use: Potion            ||     1
 Stab: Sleeping          ||     6
Armor: Robe              ||    17
Dodge: Dodged            ||    55

Levels and vault maps discovered:
D:1:      lightli_arrival_statue_moat, layout_rooms, grunt_decor_clamped,
          hangedman_decor_points, kennysheep_pointless_box,
          minmay_misc_feat_more_columns, hex_intersection,
          minmay_misc_feat_plants
D:2:      layout_loops_ring, kennysheep_slug_shrine, minmay_split_cup_small,
          uniq_sigmund, uniq_jessica

Notes
Turn   | Place    | Note
-------+----------+-------------------------------------------
     0 | D:1      | Dracia the Vampire Enchanter began the quest for the Orb.
     0 | D:1      | Reached XP level 1. HP: 13/13 MP: 3/3
   349 | D:1      | Reached XP level 2. HP: 19/19 MP: 5/5
   366 | D:1      | Reached skill level 5 in Hexes
   559 | D:1      | Learned a level 2 spell: Ensorcelled Hibernation
   693 | D:2      | Reached skill level 5 in Stealth
   697 | D:2      | Reached XP level 3. HP: 16/24 MP: 1/6
   758 | D:2      | Noticed Sigmund
   781 | D:2      | Noticed Jessica
   826 | D:2      | HP: 2/24 [adder (2)]
   827 | D:2      | Identified a potion of resistance
   827 | D:2      | Slain by an adder

Vanquished Creatures
  2 adders (D:2)
  A leopard gecko (D:1)
  A giant cockroach (D:2)
  6 hobgoblins (D:1)
  4 jackals (D:2)
  A kobold (D:1)
  2 bats
  A frilled lizard (D:1)
  6 rats
24 creatures vanquished.

Table legend: (Time is in decaauts)
 A = Elapsed time spent in this place.
 B = Non-inter-level travel time spent in this place.
 C = Inter-level travel time spent in this place.
 D = Time resting spent in this place.
 E = Time spent auto-exploring this place.
 F = Levels seen in this place.
 G = Mean time per level.
                   A        B        C        D        E       F      G
               +--------+--------+--------+--------+--------+-----+--------+
         Total |    820 |    792 |     28 |     92 |    520 |   2 |  410.0 |
       Dungeon |    820 |    792 |     28 |     92 |    520 |   2 |  410.0 |
               +--------+--------+--------+--------+--------+-----+--------+

Top non-repeatable levels by time:
     D:1: 606 daAuts
     D:2: 213 daAuts

Table legend:
 A = Non-vault XP
 B = Vault XP
 C = Vault XP percentage of total XP
 D = Non-vault monster count
 E = Vault monster count
 F = Vault count percentage of total count
                 A         B        C        D         E       F
            +---------+---------+-------+---------+---------+-------
      Total |      46 |      16 |  25.8 |      21 |       3 |  12.5
            +---------+---------+-------+---------+---------+-------
        D:1 |      24 |       0 |   0.0 |      15 |       0 |   0.0
        D:2 |      22 |      16 |  42.1 |       6 |       3 |  33.3
            +---------+---------+-------+---------+---------+-------
